 Dungeon Sprint DCSS version 0.26-a0-812-g31a745ddcd (webtiles) character file.

Game seed: 2799744747935142218

211074 Giavanni the Swordmaster (level 17, -13/185 HPs)
             Began as a Formicid Berserker on Nov 13, 2020.
             Was the Champion of Trog.
             Killed from afar by Nikola (33 damage)
             ... with a chain lightning
             ... in the Dungeon (Sprint IX: "|||||||||||||||||||||||||||||") on Nov 14, 2020.
             The game lasted 00:31:24 (5318 turns).

Giavanni the Swordmaster (Formicid Berserker)       Turns: 5318, Time: 00:31:24

Health: -13/185    AC: 19    Str: 25    XL:     17   Next: 52%
Magic:  0/18       EV: 34    Int:  7    God:    Trog [******]
Gold:   829        SH: 12    Dex: 17    Spells: 18/18 levels left

rFire    . . .     SeeInvis +   i - +5 triple sword (vorpal)
rCold    + + .     Faith    .   c - +0 kite shield {AC+3}
rNeg     . . .     Spirit   +   C - +3 troll leather armour "Pothimn" {rC+ MR+ Regen+}
rPois    +         Reflect  .   (helmet unavailable)
rElec    .         Harm     .   d - +0 cloak
rCorr    .         Rampage  .   M - +1 pair of gloves {Dex+3}
MR       +++++                  j - +0 pair of boots
Stlth    ++++......             u - amulet "Uhie" {Spirit rPois MR+}
HPRegen  1.80/turn              B - ring of poison resistance
MPRegen  0.16/turn              H - +4 ring of evasion

@: regenerating
A: permanent stasis, dig shafts and tunnels, four strong arms, antennae 3, cold
resistance 1, robust 1, evolution 1
}: 5/17 runes: decaying, serpentine, barnacled, silver, gossamer
a: Dig, Trog's Hand, Brothers in Arms, Renounce Religion


You were in the Dungeon.
You worshipped Trog.
Trog was exalted by your worship.
You visited 1 branch You collected 1955 gold pieces.
You spent 1126 gold pieces at shops.

Inventory:

Hand Weapons
 a - a +3 double sword of flaming
 i - a +5 vorpal triple sword (weapon)
 I - the +8 great sword of Outrage {vorpal, Int+4}
   (Trog gifted it to you in the Dungeon)

   It inflicts extra damage upon your enemies.
   It affects your intelligence (+4).
Armour
 c - a +0 kite shield of protection (worn)
 d - a +0 cloak (worn)
 j - a +0 pair of boots (worn)
 C - the +3 troll leather armour "Pothimn" (worn) {rC+ MR+ Regen+}
   (You found it in the Dungeon)

   It protects you from cold.
   It affects your resistance to hostile enchantments.
   It increases your rate of regeneration.
 M - a +1 pair of gloves of dexterity (worn)
Jewellery
 m - a +2 ring of protection
 n - a +3 ring of strength
 u - the amulet "Uhie" (around neck) {Spirit rPois MR+}
   (You bought it in a shop in the Dungeon)

   [amulet of guardian spirit]

   It causes incoming damage to be split between your health and magic.
   It protects you from poison.
   It affects your resistance to hostile enchantments.
 y - an uncursed ring of protection from cold
 z - an uncursed ring of ice
 A - an uncursed ring of fire
 B - a ring of poison resistance (left hand)
 F - a +4 ring of protection
 G - a +2 ring of slaying
 H - a +4 ring of evasion (right hand)
 J - an uncursed amulet of regeneration
 K - a +6 ring of strength
Wands
 h - a wand of acid (10)
Scrolls
 g - 5 scrolls of remove curse
 o - a scroll of identify
 q - 8 scrolls of enchant weapon
 r - a scroll of fog
 D - 3 scrolls of fear
 E - 6 scrolls of enchant armour
Potions
 b - a potion of lignification {unknown}
 e - 4 potions of magic
 f - 4 potions of curing
 p - 3 potions of mutation
 s - a potion of attraction
 x - a potion of ambrosia


   Skills:
 - Level 25.0 Fighting
 O Level 27 Long Blades
 - Level 1.0 Throwing
 - Level 18.2 Armour
 - Level 23.4 Dodging
 - Level 8.0 Stealth
 + Level 9.0 Shields
 - Level 1.0 Unarmed Combat
 - Level 1.0 Spellcasting
 - Level 1.1 Evocations


You had 18 spell levels left.
You didn't know any spells.
Your spell library was empty.

Dungeon Overview and Level Annotations

Branches:
Dungeon (1/1)

Altars:
Cheibriados
Dithmenos
Elyvilon
Fedhas
Gozag
Hepliaklqana
Kikubaaqudgha
Makhleb
Nemelex Xobeh
Okawaru
Qazlal
Ru
Sif Muna
Trog
Uskayaw
Vehumet
Wu Jian
Xom
Yredelemnul
Zin
The Shining One
Beogh
Jiyva
Lugonu

Shops:
D !}==

Annotations:
D Kirke, Nikola


Innate Abilities, Weirdness & Mutations

You cannot be hasted, slowed, berserked, paralysed or teleported.
You can dig through walls and to a lower floor.
Your four strong arms can wield two-handed weapons with a shield.
You have a pair of large antennae on your head. (SInv)
Your flesh is cold resistant. (rC+)
You are robust. (+10% HP)
You evolve.


Message History

Nikola is almost dead.
The harpy completely misses you. You block the harpy's attack. x2
The harpy completely misses you.
Unknown command.
Unknown command.
You barely miss Nikola.
Nikola is almost dead.
Nikola drinks a potion.
Nikola is healed!
Unknown command.
Unknown command.
Unknown command.
You hit Nikola.
Nikola is almost dead.
You block the harpy's attack. The harpy closely misses you.
Nikola gestures wildly while chanting.
You hear a mighty clap of thunder!
The lightning arc hits you!!!
* * * LOW HITPOINT WARNING * * *
The lightning arc hits the harpy!!
The lightning arc hits you!!
You die...

{
▓.▓.▓.♣.♣.▓.▓.▓.▓.
{
▓.▓.▓.♣[♣.▓.▓.▓.▓.
{
▓.▓.▓.▓)▓.▓.▓.▓.▓.
{
▓.▓[▓.▓°▓.▓.▓.▓.▓.
{
▓.▓(▓.▓○▓.▓.▓.▓.▓.
{
▓.▓.▓.▓.▓.▓.▓.▓.▓.
{
▓.▓[▓.▓.▓.▓.▓.▓)▓.
▓@▓)▓.▓.▓.▓!▓.▓)▓.
{
▓@▓)▓.▓.▓.▓.▓.▓(▓)
{
▓H▓.▓.▓.▓.▓.▓.▓(▓.
{
▓H▓)▓.▓.▓.▓!▓.▓.▓.
{
▓@▓(▓.▓.▓.▓.▓.▓(▓.
{
▓h▓)▓.▓)▓.▓.▓.▓(▓.
{ {
▓h▓)▓.▓)▓.▓.▓.▓(▓.
▓h▓)▓.▓)▓.▓[▓†▓)▓.
{
▓.▓)▓.▓)▓.▓[▓.▓.▓.
▓.▓.▓.▓.▓.▓.▓.▓.▓.


You could see Nikola, Kirke (invisible), 2 harpies and 3 hogs.

Vanquished Creatures
  Frederick (D)
  A lich (D)
  A tentacled monstrosity (D)
  Rupert (D)
  A titan (D)
  Gastronok (D)
  6 shadow dragons (D)
  A storm dragon (D)
  Ilsuiw (D)
  A tengu reaver (D)
  Donald (D)
  2 nagarajas (D)
  2 ghost moths (D)
  3 vault wardens (D)
  2 emperor scorpions (D)
  2 ironheart preservers (D)
  2 very ugly things (D)
  A stone giant (D)
  A merfolk javelineer (D)
  2 merfolk impalers (D)
  A yaktaur captain (D)
  4 ogre magi (D)
  A fire dragon (D)
  A boulder beetle (D)
  3 ice dragons (D)
  A rakshasa (D)
  A naga warrior (D)
  18 vault guards (D)
  9 hydras (D)
  3 centaur warriors (D)
  3 alligators (D)
  3 merfolk aquamancers (D)
  A vampire mage (D)
  A spriggan berserker (D)
  A hell knight (D)
  A deep elf knight (D)
  3 glowing orange brains (D)
  A spriggan druid (D)
  A shadow wraith (D)
  A flayed ghost (D)
  4 swamp dragons (D)
  A mana viper (D)
  6 wolf spiders (D)
  An orc knight (D)
  A necromancer (D)
  A deep elf mage (D)
  An orb spider (shapeshifter) (D)
  3 moths of wrath (D)
  A black mamba (shapeshifter) (D)
  A water nymph (D)
  A torpor snail (D)
  3 black mambas (D)
  Joseph (D)
  2 guardian serpents (D)
  2 cane toads (D)
  2 yaktaurs (D)
  2 demonic crawlers (D)
  An efreet (D)
  A kobold demonologist (D)
  3 komodo dragons (D)
  A freezing wraith (D)
  3 jumping spiders (D)
  3 trolls (D)
  2 merfolk (D)
  A tyrant leech (D)
  A hornet (D)
  A slime creature (D)
  2 hogs (D)
  3 tarantellas (D)
  A water elemental (D)
  Grum (D)
  A basilisk (D)
  A golden eye (shapeshifter) (D)
  4 water moccasins (D)
  5 orc warriors (D)
  4 wolves (D)
  A boggart (D)
  A centaur (D)
  5 bullfrogs (D)
  An orc priest (D)
  3 orc wizards (D)
  A worker ant (D)
  An adder (D)
  An adder zombie (D)
  An adder skeleton (D)
  4 orcs (D)
  2 ball pythons (D)
  A bat skeleton (D)
  A jackal (D)
  A frilled lizard (D)
  A jackal skeleton (D)
  A rat (D)
189 creatures vanquished.

Vanquished Creatures (collateral kills)
  Margery (D)
  3 nagarajas (D)
  A fenstrider witch (D)
  A vault warden (D)
  An emperor scorpion (D)
  A stone giant (D)
  A very ugly thing (D)
  A spriggan defender (D)
  A bunyip (D)
  A merfolk javelineer (D)
  2 yaktaur captains (D)
  2 merfolk impalers (D)
  7 vault guards (D)
  A hydra (D)
  A great orb of eyes (D)
  A shambling mangrove (D)
  2 naga warriors (D)
  A boulder beetle (D)
  A spriggan air mage (D)
  An anaconda (D)
  2 merfolk aquamancers (D)
  7 orc high priests (D)
  A tengu warrior (D)
  A naga sharpshooter (D)
  A spriggan berserker (D)
  3 hell knights (D)
  A sea snake (D)
  An ironbrand convoker (D)
  An orb spider (shapeshifter) (D)
  6 orc knights (D)
  2 manticores (D)
  An elephant (D)
  2 guardian serpents (D)
  A moth of wrath (D)
  2 water nymphs (D)
  A black mamba (D)
  A vault sentinel (D)
  A cane toad (D)
  A komodo dragon (shapeshifter) (D)
  A yaktaur (shapeshifter) (D)
  An efreet (D)
  A hornet (D)
  A bloated husk (D)
  3 tyrant leeches (D)
  A blink frog (D)
  A snapping turtle (D)
  A wraith (D)
  A basilisk (D)
  2 vampire mosquitoes (D)
  3 nagas (D)
  2 acid dragons (D)
  7 orc warriors (D)
  An eye of draining (shapeshifter) (D)
  2 bullfrogs (D)
  A wight (D)
  4 orc wizards (D)
  An orc priest (D)
  4 orcs (D)
105 creatures vanquished.

Vanquished Creatures (others)
  An acid dragon (D)
1 creature vanquished.

Grand Total: 295 creatures vanquished

Notes
Turn   | Place    | Note
-------+----------+-------------------------------------------
     0 | D        | Giavanni the Formicid Berserker began the quest for the
                  | Orb.
     0 | D        | Reached XP level 1. HP: 18/18 MP: 1/1
    12 | D        | Reached ** piety under Trog
    54 | D        | Noticed a centaur
    55 | D        | Reached XP level 2. HP: 25/25 MP: 2/2
    55 | D        | Reached *** piety under Trog
    55 | D        | Reached skill level 4 in Long Blades
    69 | D        | Reached XP level 3. HP: 24/31 MP: 3/3
    74 | D        | Killed a centaur
    74 | D        | Reached skill level 6 in Long Blades
    74 | D        | Reached XP level 4. HP: 34/41 MP: 4/4
    74 | D        | Reached XP level 5. HP: 40/47 MP: 5/5
    79 | D        | Found a roughly hewn altar of Beogh.
    79 | D        | Found a snail-covered altar of Cheibriados.
    79 | D        | Found a shadowy altar of Dithmenos.
    79 | D        | Found a white marble altar of Elyvilon.
    79 | D        | Found a blossoming altar of Fedhas.
    79 | D        | Found an opulent altar of Gozag.
    80 | D        | Found a hazy altar of Hepliaklqana.
    81 | D        | Found a viscous altar of Jiyva.
    82 | D        | Found an ancient bone altar of Kikubaaqudgha.
    83 | D        | Found a corrupted altar of Lugonu.
    84 | D        | Found a burning altar of Makhleb.
    85 | D        | Found a sparkling altar of Nemelex Xobeh.
    86 | D        | Found an iron altar of Okawaru.
    87 | D        | Found a stormy altar of Qazlal.
    88 | D        | Found a sacrificial altar of Ru.
    89 | D        | Found a shimmering blue altar of Sif Muna.
    90 | D        | Found a bloodstained altar of Trog.
    91 | D        | Found a hide-covered altar of Uskayaw.
    92 | D        | Found a radiant altar of Vehumet.
    93 | D        | Found an ornate altar of the Wu Jian Council.
    94 | D        | Found a shimmering altar of Xom.
    95 | D        | Found a basalt altar of Yredelemnul.
    96 | D        | Found a glowing silver altar of Zin.
    97 | D        | Found a glowing golden altar of the Shining One.
   151 | D        | Noticed a bullfrog
   151 | D        | Noticed a water moccasin
   151 | D        | Noticed a troll
   159 | D        | Killed a troll
   159 | D        | Reached skill level 9 in Long Blades
   159 | D        | Reached skill level 5 in Armour
   159 | D        | Reached XP level 6. HP: 21/57 MP: 6/6
   165 | D        | Reached **** piety under Trog
   170 | D        | Killed a water moccasin
   170 | D        | Reached skill level 10 in Long Blades
   170 | D        | Reached XP level 7. HP: 40/64 MP: 7/7
   382 | D        | Noticed a troll
   382 | D        | Noticed an acid dragon
   382 | D        | Noticed an efreet
   382 | D        | Noticed a kobold demonologist
   384 | D        | Noticed a chaos spawn
   388 | D        | Killed a kobold demonologist
   388 | D        | Reached skill level 11 in Long Blades
   388 | D        | Reached skill level 5 in Dodging
   388 | D        | Reached XP level 8. HP: 66/72 MP: 8/8
   393 | D        | Reached ***** piety under Trog
   393 | D        | Reached skill level 12 in Long Blades
   402 | D        | Killed an efreet
   402 | D        | Reached skill level 10 in Fighting
   406 | D        | Killed a troll
   406 | D        | Reached skill level 13 in Long Blades
   551 | D        | Gained mutation: You are robust. (+10% HP) [potion of
                  | mutation]
   551 | D        | Gained mutation: Your flesh is cold resistant. (rC+)
                  | [potion of mutation]
   551 | D        | Gained mutation: You evolve. [potion of mutation]
   580 | D        | Noticed a black mamba
   580 | D        | Noticed a cane toad
   581 | D        | Noticed a six-headed hydra
   587 | D        | Reached XP level 9. HP: 85/86 MP: 9/9
   591 | D        | Killed a cane toad
   603 | D        | Killed a one-headed hydra
   603 | D        | Reached skill level 14 in Long Blades
   607 | D        | Reached skill level 15 in Long Blades
   607 | D        | Reached skill level 10 in Armour
   618 | D        | Killed a black mamba
   618 | D        | Reached XP level 10. HP: 52/97 MP: 10/10
   643 | D        | Noticed a komodo dragon
   650 | D        | Reached ****** piety under Trog
   661 | D        | Killed a komodo dragon
   661 | D        | Received a gift from Trog
   745 | D        | Noticed a five-headed hydra
   745 | D        | Noticed a komodo dragon
   745 | D        | Noticed a seven-headed hydra
   745 | D        | Noticed a komodo dragon
   745 | D        | Noticed an elephant
   753 | D        | Killed a komodo dragon
   755 | D        | Noticed a cane toad
   762 | D        | Killed a two-headed hydra
   762 | D        | Reached skill level 16 in Long Blades
   775 | D        | Killed a komodo dragon
   778 | D        | Killed a four-headed hydra
   781 | D        | Killed an elephant
   781 | D        | Reached XP level 11. HP: 19/106 MP: 11/11
   781 | D        | Received a gift from Trog
   994 | D        | Reached skill level 17 in Long Blades
  1067 | D        | Noticed Gastronok
  1084 | D        | Killed Gastronok
  1084 | D        | Received a gift from Trog
  1092 | D        | Noticed Joseph
  1111 | D        | Killed Joseph
  1186 | D        | Received a gift from Trog
  1321 | D        | Received a gift from Trog
  1543 | D        | Found Ytinnure's Jewellery Boutique.
  1543 | D        | Noticed an orc knight
  1543 | D        | Noticed an orc high priest
  1543 | D        | Noticed an orc high priest
  1543 | D        | Noticed an orc knight
  1543 | D        | Noticed an orc knight
  1547 | D        | Noticed an orc high priest
  1552 | D        | Killed an orc knight
  1552 | D        | Reached skill level 18 in Long Blades
  1552 | D        | Reached skill level 15 in Armour
  1558 | D        | Killed an orc knight
  1559 | D        | Killed an orc high priest
  1561 | D        | Found Ashrun's Jewellery Shop.
  1561 | D        | Killed an orc high priest
  1561 | D        | Received a gift from Trog
  1565 | D        | Killed an orc knight
  1569 | D        | Killed an orc high priest
  1569 | D        | Reached XP level 12. HP: 59/118 MP: 12/12
  1575 | D        | Found Qarol's Gadget Boutique.
  1575 | D        | Noticed an orc high priest
  1577 | D        | Found Ranwest's Distillery.
  1578 | D        | Noticed an orc high priest
  1580 | D        | Killed an orc high priest
  1580 | D        | Reached skill level 15 in Fighting
  1583 | D        | Noticed an orc high priest
  1587 | D        | Killed an orc high priest
  1594 | D        | Killed an orc high priest
  1595 | D        | Noticed an orc high priest
  1598 | D        | Received a gift from Trog
  1599 | D        | Killed an orc high priest
  1781 | D        | Bought the amulet "Uhie" {Spirit rPois MR+} for 608 gold
                  | pieces
  1790 | D        | Bought a potion of might for 56 gold pieces
  1790 | D        | Bought a potion of heal wounds for 70 gold pieces
  1790 | D        | Bought a potion of might for 56 gold pieces
  1790 | D        | Bought a potion of heal wounds for 70 gold pieces
  1790 | D        | Bought 2 potions of ambrosia for 224 gold pieces
  1790 | D        | Bought a potion of curing for 42 gold pieces
  1815 | D        | Noticed Grum
  1825 | D        | Killed Grum
  1915 | D        | Found the -2 hat of the Alchemist {rElec rPois rF+ rC+ rN+
                  | MR+ rMut rCorr}
  1935 | D        | Got the +3 troll leather armour "Pothimn" {rC+ MR+ Regen+}
  1987 | D        | Received a gift from Trog
  2000 | D        | Noticed a centaur warrior
  2004 | D        | Got an encrusted great sword {god gift}
  2005 | D        | Identified the +6 great sword of the Dove {vorpal, Dex+4}
                  | (Trog gifted it to you in the Dungeon)
  2010 | D        | Noticed a vampire mage
  2011 | D        | Noticed an ogre mage
  2014 | D        | Killed a centaur warrior
  2018 | D        | Killed a vampire mage
  2018 | D        | Received a gift from Trog
  2022 | D        | Killed an ogre mage
  2027 | D        | Noticed an ice dragon
  2033 | D        | Noticed a glowing orange brain
  2040 | D        | Killed an ice dragon
  2040 | D        | Reached skill level 19 in Long Blades
  2043 | D        | Killed a glowing orange brain
  2043 | D        | Reached skill level 1 in Stealth
  2220 | D        | Noticed a sea snake
  2235 | D        | Received a gift from Trog
  2238 | D        | Killed a sea snake
  2295 | D        | Reached XP level 13. HP: 132/132 MP: 13/13
  2300 | D        | Received a gift from Trog
  2309 | D        | Reached skill level 20 in Long Blades
  2345 | D        | Noticed a bunyip
  2345 | D        | Noticed a fenstrider witch
  2348 | D        | Noticed a shambling mangrove
  2353 | D        | Received a gift from Trog
  2365 | D        | Killed a fenstrider witch
  2368 | D        | Killed a bunyip
  2371 | D        | Killed a shambling mangrove
  2406 | D        | Noticed a ghost moth
  2412 | D        | Killed a ghost moth
  2412 | D        | Reached skill level 21 in Long Blades
  2532 | D        | Noticed an anaconda
  2534 | D        | Received a gift from Trog
  2547 | D        | Killed an anaconda
  2547 | D        | Reached skill level 5 in Stealth
  2569 | D        | Got an ancient great sword {god gift}
  2570 | D        | Identified the +8 great sword of Outrage {vorpal, Int+4}
                  | (Trog gifted it to you in the Dungeon)
  2660 | D        | Noticed Donald
  2671 | D        | Killed Donald
  2671 | D        | Received a gift from Trog
  2671 | D        | Reached skill level 10 in Dodging
  2797 | D        | Noticed a spriggan defender
  2797 | D        | Noticed a great orb of eyes
  2797 | D        | Noticed a fire dragon
  2797 | D        | Noticed a stone giant
  2798 | D        | Noticed a spriggan air mage
  2800 | D        | Noticed a stone giant
  2801 | D        | Killed a stone giant
  2810 | D        | Killed a fire dragon
  2810 | D        | Reached XP level 14. HP: 81/144 MP: 6/14
  2813 | D        | Received a gift from Trog
  2813 | D        | Noticed a purple very ugly thing
  2816 | D        | Killed a spriggan defender
  2823 | D        | Killed a stone giant
  2833 | D        | Killed a purple very ugly thing
  2833 | D        | Reached skill level 22 in Long Blades
  2840 | D        | Received a gift from Trog
  2950 | D        | Received a gift from Trog
  3022 | D        | Noticed a vault warden
  3022 | D        | Noticed an ironheart preserver
  3034 | D        | Killed an ironheart preserver
  3040 | D        | Received a gift from Trog
  3046 | D        | Noticed a white very ugly thing
  3054 | D        | Killed a vault warden
  3062 | D        | Killed a white very ugly thing
  3083 | D        | Received a gift from Trog
  3083 | D        | Reached skill level 23 in Long Blades
  3124 | D        | Received a gift from Trog
  3127 | D        | Noticed a vault warden
  3136 | D        | Killed a vault warden
  3359 | D        | Noticed Rupert
  3372 | D        | Killed Rupert
  3372 | D        | Reached XP level 15. HP: 150/158 MP: 13/15
  3376 | D        | Received a gift from Trog
  3379 | D        | Noticed Margery
  3390 | D        | Killed Margery
  3392 | D        | Received a gift from Trog
  3404 | D        | Got a twisted broad axe {god gift}
  3406 | D        | Identified the +9 broad axe of Tenacity {antimagic, rElec
                  | rPois Int+4} (Trog gifted it to you in the Dungeon)
  3539 | D        | Noticed an emperor scorpion
  3540 | D        | Noticed a ghost moth
  3541 | D        | Noticed an emperor scorpion
  3542 | D        | Killed an emperor scorpion
  3546 | D        | Received a gift from Trog
  3552 | D        | Noticed an emperor scorpion
  3554 | D        | Killed a ghost moth
  3554 | D        | Reached skill level 24 in Long Blades
  3570 | D        | Killed an emperor scorpion
  3585 | D        | Received a gift from Trog
  3589 | D        | Killed an emperor scorpion
  3600 | D        | Got a gossamer rune of Zot
  3713 | D        | Noticed a nagaraja
  3715 | D        | Noticed a nagaraja
  3724 | D        | Killed a nagaraja
  3729 | D        | Killed a nagaraja
  3738 | D        | Received a gift from Trog
  3738 | D        | Reached skill level 15 in Dodging
  3739 | D        | Noticed a nagaraja
  3762 | D        | Killed a nagaraja
  3764 | D        | Received a gift from Trog
  3776 | D        | Noticed a nagaraja
  3783 | D        | Killed a nagaraja
  3783 | D        | Reached skill level 25 in Long Blades
  3784 | D        | Noticed a nagaraja
  3793 | D        | Killed a nagaraja
  3802 | D        | Got a serpentine rune of Zot
  3838 | D        | Noticed Ilsuiw
  3844 | D        | Received a gift from Trog
  3855 | D        | Killed Ilsuiw
  4090 | D        | Got a barnacled rune of Zot
  4111 | D        | Reached XP level 16. HP: 168/168 MP: 16/16
  4114 | D        | Reached skill level 26 in Long Blades
  4139 | D        | Received a gift from Trog
  4159 | D        | Got a decaying rune of Zot
  4312 | D        | Reached skill level 27 in Long Blades
  4318 | D        | Received a gift from Trog
  4361 | D        | Received a gift from Trog
  4412 | D        | Received a gift from Trog
  4521 | D        | Noticed a tengu reaver
  4521 | D        | Noticed a tentacled monstrosity
  4522 | D        | Noticed a vault warden
  4535 | D        | Noticed a lich
  4536 | D        | Killed a tentacled monstrosity
  4541 | D        | Noticed a storm dragon
  4547 | D        | Killed a tengu reaver
  4549 | D        | Received a gift from Trog
  4552 | D        | Killed a vault warden
  4561 | D        | Killed a lich
  4565 | D        | Noticed a shadow dragon
  4568 | D        | Killed a storm dragon
  4571 | D        | Reached XP level 17. HP: 100/179 MP: 9/17
  4606 | D        | Killed a shadow dragon
  4609 | D        | Received a gift from Trog
  4766 | D        | Noticed a shadow dragon
  4790 | D        | Killed a shadow dragon
  4958 | D        | Noticed a shadow dragon
  4958 | D        | Noticed a shadow dragon
  4958 | D        | Noticed a shadow dragon
  4964 | D        | Noticed a shadow dragon
  4968 | D        | Killed a shadow dragon
  4975 | D        | Killed a shadow dragon
  4975 | D        | Noticed a titan
  4983 | D        | Killed a shadow dragon
  4983 | D        | Received a gift from Trog
  4989 | D        | Killed a shadow dragon
  5002 | D        | Killed a titan
  5013 | D        | Got a silver rune of Zot
  5166 | D        | Noticed Frederick
  5190 | D        | Killed Frederick
  5190 | D        | Reached skill level 1 in Throwing
  5190 | D        | Reached skill level 1 in Unarmed Combat
  5190 | D        | Reached skill level 1 in Spellcasting
  5190 | D        | Reached skill level 1 in Evocations
  5303 | D        | Noticed Nikola
  5307 | D        | Noticed Kirke
  5318 | D        | Killed from afar by Nikola

Illustrated notes

Levels and vault maps discovered:
D:        linesprint [early_d, line_temple, items_1, d_10, items_2, lair_1,
          lair_end, items_3, orc_1, orc_end, items_4, d_15, swamp_1, shoals_1,
          snake_1, spider_1, d_20, vaults_1, items_5, swamp_end, shoals_end,
          snake_end, spider_end, vaults_end, d_27, items_6, zot_1, zot_end,
          crypt_end, forest_end, elf_end, slime_end, tomb_end, abyss_end,
          pan_hell_end]

Skill      XL: |  1  2  3  4  5  6  7  8  9 10 11 12 13 14 15 16 17 |
---------------+----------------------------------------------------+-----
Dodging        | 2 3 4 5 6 7 10 12 17 22 23 | 23.4
Fighting       | 4 6 8 9 10 11 12 14 17 18 21 23 25 | 25.0
Long Blades    | 4 6 9 10 11 13 15 16 18 19 21 23 25 27 | 27.0
Armour         | 3 5 6 7 8 10 12 15 17 18 | 18.2
Stealth        | 2 6 8 |  8.0
Throwing       | 1 |  1.0
Shields        | 9 |  9.0
Unarmed Combat | 1 |  1.0
Spellcasting   | 1 |  1.0
Evocations     | 1 |  1.1

Action                   |  1- 3 |  4- 6 |  7- 9 | 10-12 | 13-15 | 16-18 || total
-------------------------+-------+-------+-------+-------+-------+-------++-------
Melee: Falchion          |    29 |       |       |       |       |       ||    29
       Scimitar          |       |    17 |    61 |   120 |     5 |    38 ||   241
       Great sword       |       |       |       |    62 |   256 |    89 ||   407
       Triple sword      |       |       |       |       |       |   143 ||   143
Invok: Trog's Hand       |     1 |     1 |     2 |     9 |    12 |     5 ||    30
       Brothers in Arms  |       |       |       |     9 |    22 |     6 ||    37
  Use: Potion            |     2 |     2 |     2 |     4 |    10 |     1 ||    21
       Scroll            |       |       |       |       |     2 |       ||     2
 Stab: Distracted        |       |       |       |     1 |       |       ||     1
       Sleeping          |       |       |       |       |     4 |       ||     4
Armor: Animal skin       |     4 |       |       |       |       |       ||     4
       Plate armour      |       |    12 |    29 |    54 |       |       ||    95
       Troll leather arm |       |       |       |    12 |    61 |    41 ||   114
Dodge: Dodged            |    21 |     9 |    21 |    74 |   289 |   243 ||   657
Block: Kite shield       |       |       |       |       |       |     7 ||     7
       Rpst.: Falchion   |     7 |       |       |       |       |       ||     7
       Scimitar          |       |     1 |     3 |     7 |     2 |     8 ||    21
       Great sword       |       |       |       |    11 |    49 |    10 ||    70
       Triple sword      |       |       |       |       |       |    16 ||    16

Table legend: (Time is in decaauts)
 A = Elapsed time spent in this place.
 B = Non-inter-level travel time spent in this place.
 C = Inter-level travel time spent in this place.
 D = Time resting spent in this place.
 E = Time spent auto-exploring this place.
 F = Levels seen in this place.
 G = Mean time per level.
                   A        B        C        D        E       F      G
               +--------+--------+--------+--------+--------+-----+--------+
         Total |   5083 |   5034 |     49 |   2072 |    189 |   1 | 5083.0 |
       Dungeon |   5083 |   5034 |     49 |   2072 |    189 |   1 | 5083.0 |
               +--------+--------+--------+--------+--------+-----+--------+

Top non-repeatable levels by time:
       D: 5083 daAuts
